 Dungeon Crawl Stone Soup version 0.17.0-24-gcfadda4 (webtiles) character file.

13795 inmateoo the Cleaver (level 12, 0/94 HPs)
             Began as a Formicid Wanderer on Nov 15, 2015.
             Was a High Priest of the Shining One.
             Slain by an orc knight
             ... wielding a +0 great sword
              (8 damage)
             ... on level 12 of the Dungeon.
             The game lasted 00:20:11 (11014 turns).

inmateoo the Cleaver (Formicid Wanderer)           Turns: 11014, Time: 00:20:12

Health: 0/94       AC: 11    Str: 20    XL:     12   Next: 37%
Magic:  16/16      EV: 12    Int: 18    God:    the Shining One [*****.]
Gold:   620        SH:  0    Dex: 12    Spells: 0 memorised, 11 levels left

rFire  . . .     SeeInvis +     H - +5 war axe "Qathrylan" {freeze, MR- Int+6}
rCold  + . .     Clarity  .     a - +3 scale mail
rNeg   + + .     SustAt   .     (no shield)
rPois  .         Gourm    .     (helmet unavailable)
rElec  .         Spirit   .     (no cloak)
rCorr  .         Warding  .     (no gloves)
rMut   .         Stasis   +     (no boots)
MR     .....                    g - amulet of faith
Stlth  +.........               q - ring of protection from cold
                                I - ring of wizardry

@: glowing, not resistant to hostile enchantments, very unstealthy
A: permanent stasis, dig shafts and tunnels, four strong arms, antennae 3, sense
surroundings 1, regeneration 1, robust 1
a: Dig, Shaft Self, Divine Shield, Cleansing Flame, Summon Divine Warrior,
Renounce Religion


You were on level 12 of the Dungeon.
You worshipped the Shining One.
The Shining One was extremely pleased with you.
You were not hungry.

You visited 2 branches of the dungeon, and saw 13 of its levels.

You collected 620 gold pieces.

Inventory:

Hand Weapons
 b - a +1 hand crossbow
 s - a +1 battleaxe
 H - the +5 war axe "Qathrylan" (weapon) {freeze, MR- Int+6}
   (You found it on level 5 of the Dungeon)

   It has been specially enchanted to freeze those struck by it, causing extra
   injury to most foes and up to half again as much damage against particularly
   susceptible opponents.
   It can also slow down cold-blooded creatures.
   It affects your intelligence (+6).
   It affects your resistance to hostile enchantments.
Missiles
 c - 90 bolts
Armour
 a - a +3 scale mail (worn)
Jewellery
 g - an amulet of faith (around neck)
 l - an uncursed ring of magical power
 q - a ring of protection from cold (right hand)
 I - a ring of wizardry (left hand)
Wands
 h - a wand of cold (9)
 o - a wand of frost (34)
 v - a wand of fire (9)
 F - a wand of fireball (10)
Scrolls
 i - 6 scrolls of identify
 m - 2 scrolls of fog
 r - 5 scrolls of remove curse
 x - a scroll of amnesia
 y - a scroll of enchant weapon
Potions
 d - 6 potions of curing
 j - a potion of agility
 k - a potion of magic
 p - a potion of cancellation
 u - a potion of flight
 w - 2 potions of resistance
 C - 4 potions of brilliance
 G - a potion of might
Books
 J - a book of Debilitation

   Spells                             Type                      Level
   a - Corona                         Hexes                        1
   b - Slow                           Hexes                        2
   c - Gell's Gravitas                Hexes/Translocation          3
   d - Inner Flame                    Hexes/Fire                   3
   e - Cause Fear                     Hexes                        4
   f - Leda's Liquefaction            Hexes/Earth                  4
Miscellaneous
 e - a phial of floods (inert)
 t - a plain deck of changes
 A - an ornate deck of changes
Comestibles
 f - 8 bread rations
 n - 7 beef jerkies
 B - 7 meat rations
 D - 2 royal jellies
 E - 5 fruits


   Skills:
 - Level 5.4 Fighting
 * Level 13.0 Axes
 - Level 1.2 Crossbows
 + Level 10.8 Armour
 - Level 5.0 Dodging
 - Level 6.0 Stealth
   Level 2.4 Shields
 + Level 6.0 Invocations


You had 11 spell levels left.
You didn't know any spells.

Dungeon Overview and Level Annotations

Branches:
Dungeon (12/15)            Temple (1/1) D:4            Lair (0/8) D:10
    Orc (0/4) D:9

Altars:
Ashenzari
Cheibriados
Dithmenos
Elyvilon
Fedhas
Gozag
Kikubaaqudgha
Makhleb
Nemelex Xobeh
Okawaru
Qazlal
Ru
Sif Muna
Trog
Vehumet
Xom
Yredelemnul
Zin
The Shining One

Shops:
D:9 %

Annotations:
D:12 exclusion: brain worm


Innate Abilities, Weirdness & Mutations

You are under a permanent stasis effect.
You can dig through walls and to a lower floor.
Your four strong arms can wield two-handed weapons with a shield.
You have a pair of large antennae on your head (SInv).
You passively map a small area around you.
Your natural rate of healing is unusually fast.
You are robust (+10% HP).


Message History

You barely miss the orc knight.
The orc knight is heavily wounded.
You hit the orc knight but do no damage.
The orc knight is heavily wounded.
The orc knight closely misses you.
You hit the orc knight. You freeze the orc knight.
The orc knight is heavily wounded.
The orc knight hits you with a great sword!!
You hear a shout!
You slash the orc knight! You freeze the orc knight.
The orc knight is severely wounded.
You hear a shout!
You slash the orc knight! You freeze the orc knight.
The orc knight is almost dead.
The orc knight hits you with a great sword!!
* * * LOW HITPOINT WARNING * * *
You barely miss the orc knight.
The orc knight is almost dead.
The orc knight hits you with a great sword!
You die...

### #@## ##o#
################h#########*
................{{{.{..o..
.....##################4..
.....# .....# .....# ,
.....########* * *,


You could see an orc knight.

Vanquished Creatures
  A hydra (D:11)
  An unseen horror (D:11)
  3 hill giants
  An ugly thing (D:12)
  The ghost of inmateoo the Gouger, a novice FeFi of Makhleb (D:8)
  A merfolk (D:11)
  4 trolls
  2 two-headed ogres
  6 yaks
  4 hippogriffs
  A shadow (D:11)
  A wyvern (D:10)
  4 hungry ghosts
  A basilisk (D:9)
  A water moccasin (D:5)
  3 sky beasts
  An eye of draining (D:11)
  7 orc warriors
  A black bear (D:11)
  5 phantoms
  2 ice beasts
  6 ogres
  3 necrophages (D:11)
  5 centaurs
  4 giant frogs
  2 scorpions
  10 wights
  7 crimson imps
  7 jellies
  2 centaur zombies
  3 giant frog zombies
  A centaur skeleton (D:8)
  6 orc priests
  8 hounds
  6 human zombies (D:11)
  2 giant frog skeletons
  18 orc wizards
  Natasha (twice) (D:4)
  12 worker ants
  6 iguanas
  2 mummies (D:11)
  11 adders
  4 shadow imps
  An ooze (D:5)
  2 adder skeletons (D:9)
  5 worms
  7 giant geckos
  46 orcs
  5 bats
  6 giant cockroaches
  6 hobgoblins
  5 jackals
  6 quokkas
  2 giant newts
  11 goblins
  2 kobolds
  11 rats
293 creatures vanquished.

Vanquished Creatures (collateral kills)
  A gargoyle (D:12)
1 creature vanquished.

Vanquished Creatures (others)
  A plant (D:4)
1 creature vanquished.

Grand Total: 295 creatures vanquished

Notes
Turn   | Place    | Note
--------------------------------------------------------------
     0 | D:1      | inmateoo the Formicid Wanderer began the quest for the Orb.
     0 | D:1      | inmateoo set off with: a +2 scale mail, a +0 hand crossbow, 26 bolts, a potion of curing, a +0 dagger, a bread ration
     0 | D:1      | Reached XP level 1. HP: 18/18 MP: 1/1
   222 | D:1      | Reached XP level 2. HP: 22/24 MP: 2/2
   704 | D:2      | Reached XP level 3. HP: 30/30 MP: 3/3
   841 | D:2      | Reached skill level 4 in Fighting
   858 | D:2      | Reached XP level 4. HP: 37/37 MP: 4/4
  1181 | D:3      | Found a stormy altar of Qazlal.
  1493 | D:3      | Reached XP level 5. HP: 38/42 MP: 5/5
  2412 | D:4      | Noticed a phantom
  2427 | D:4      | Killed a phantom
  2427 | D:4      | Reached XP level 6. HP: 41/50 MP: 6/6
  2483 | D:4      | Found a staircase to the Ecumenical Temple.
  2525 | Temple   | Entered the Ecumenical Temple
  2538 | Temple   | Became a worshipper of the Shining One
  2704 | D:4      | Noticed a phantom
  2723 | D:4      | Killed a phantom
  2723 | D:4      | Reached skill level 5 in Fighting
  2723 | D:4      | Reached skill level 5 in Stealth
  2723 | D:4      | Reached XP level 7. HP: 49/56 MP: 7/7
  2949 | D:4      | Noticed Natasha
  2955 | D:4      | Killed Natasha
  3112 | D:4      | Noticed Natasha
  3123 | D:4      | Killed Natasha
  3266 | D:5      | Entered Level 5 of the Dungeon
  3293 | D:5      | Got a scorched war axe
  3294 | D:5      | Identified the +5 war axe "Qathrylan" {freeze, MR- Int+6} (You found it on level 5 of the Dungeon)
  3314 | D:5      | Found an opulent altar of Gozag.
  3314 | D:5      | Found a glowing silver altar of Zin.
  3396 | D:5      | Reached skill level 1 in Axes
  3397 | D:5      | Reached XP level 8. HP: 50/63 MP: 8/8
  3507 | D:5      | Reached skill level 6 in Stealth
  3547 | D:5      | Gained mutation: You passively map a small area around you. [potion of beneficial mutation]
  3774 | D:5      | Found a radiant altar of Vehumet.
  3880 | D:5      | Found a shattered altar of Ashenzari.
  4324 | D:6      | Reached * piety under the Shining One
  4424 | D:6      | Found an opulent altar of Gozag.
  4466 | D:6      | Reached skill level 5 in Armour
  4470 | D:6      | Gained mutation: Your natural rate of healing is unusually fast. [mutagenic meat]
  4578 | D:6      | Gained mutation: You are robust (+10% HP). [mutagenic meat]
  4842 | D:7      | Reached XP level 9. HP: 70/74 MP: 9/9
  4844 | D:7      | Reached skill level 5 in Axes
  5088 | D:7      | Reached skill level 5 in Dodging
  5155 | D:7      | Found a snail-covered altar of Cheibriados.
  5157 | D:7      | Found a sacrificial altar of Ru.
  5159 | D:7      | Found a blossoming altar of Fedhas.
  5160 | D:7      | Found a shadowy altar of Dithmenos.
  5790 | D:8      | Reached skill level 7 in Axes
  5791 | D:8      | Reached ** piety under the Shining One
  6050 | D:8      | Reached XP level 10. HP: 81/81 MP: 10/10
  6230 | D:8      | Reached skill level 8 in Axes
  6282 | D:8      | Noticed a hill giant
  6284 | D:8      | Noticed inmateoo's ghost (novice FeFi)
  6299 | D:8      | Killed a hill giant
  6307 | D:8      | Killed inmateoo's ghost
  6307 | D:8      | Reached *** piety under the Shining One
  6307 | D:8      | Reached skill level 9 in Axes
  6331 | D:8      | Found a basalt altar of Yredelemnul.
  6511 | D:8      | Found a white marble altar of Elyvilon.
  6929 | D:9      | Reached skill level 10 in Axes
  6942 | D:9      | Noticed a hill giant
  6950 | D:9      | Killed a hill giant
  7185 | D:9      | Reached XP level 11. HP: 64/88 MP: 11/11
  7304 | D:9      | Found Vusofil's Food Shop.
  7543 | D:9      | Found a staircase to the Orcish Mines.
  7623 | D:9      | You fall through a shaft!
  7623 | D:10     | Entered Level 10 of the Dungeon
  7857 | D:10     | Reached skill level 11 in Axes
  7857 | D:10     | Reached skill level 1 in Invocations
  8141 | D:10     | Found a staircase to the Lair.
  8567 | D:10     | Reached **** piety under the Shining One
  8834 | D:9      | Found a deep blue altar of Sif Muna.
  9118 | D:11     | Noticed a hill giant
  9133 | D:11     | Killed a hill giant
  9436 | D:11     | Noticed an unseen horror
  9440 | D:11     | Killed an unseen horror
  9440 | D:11     | Reached skill level 12 in Axes
  9440 | D:11     | Reached skill level 10 in Armour
  9457 | D:11     | Reached ***** piety under the Shining One
  9597 | D:11     | Reached XP level 12. HP: 94/94 MP: 0/15
  9785 | D:11     | Reached skill level 5 in Invocations
  9883 | D:11     | Found a basalt altar of Yredelemnul.
  9931 | D:11     | Noticed a six-headed hydra
 10082 | D:11     | Killed a 15-headed hydra
 10933 | D:12     | Reached skill level 13 in Axes
 11014 | D:12     | Slain by an orc knight

Action                   |  1- 3 |  4- 6 |  7- 9 | 10-12 || total
-------------------------+-------+-------+-------+-------++-------
Melee: War axe           |       |       |   202 |   459 ||   661
 Fire: Hand crossbow     |    84 |   151 |    36 |       ||   271
Invok: Summon Divine War |       |       |       |     1 ||     1
 Abil: Dig               |       |       |       |     1 ||     1
Evoke: Phial of floods   |       |       |       |     1 ||     1
  Use: Scroll            |       |       |    21 |     5 ||    26
       Potion            |       |       |     2 |     5 ||     7
 Stab: Sleeping          |       |       |       |     1 ||     1
  Eat: Chunk             |       |     5 |    13 |    18 ||    36
       Pizza             |       |       |       |     3 ||     3
       Fruit             |       |       |       |     1 ||     1
